[Event "Open Cappelle-la-Grande"]
[Date "2026.02.22"]
[White "Wirig, Anthony"]
[Black "Pranesh M"]
[WhiteElo "2414"]
[BlackElo "2627"]
[Round "3.3.1"]
[Result "1/2-1/2"]
[TimeControl "40/5400+30:1800+30"]

Nf3 d5 b3 Nf6 Bb2 Bg4 e3 e6 h3 Bh5 d3 c5 g4 Bg6 Ne5 Nc6 Nxg6 hxg6 Bg2 Bd6 Nd2 Qa5 g5 Nh5 a3 Be5 Bxe5 Nxe5 O-O Qc3 Ra2 Nc6 Nf3 d4 Qe1 Qxe1 Rxe1 Rd8 b4 dxe3 fxe3 cxb4 axb4 Nxb4 Rxa7 Nxc2 Re2 Nb4 Ne5 O-O d4 Nd5 Bxd5 Rxd5 [Variant "Standard"]
[Site "Europe Echecs"]

[Event "Open Cappelle-la-Grande"]
[Date "2026.02.22"]
[White "Pranav Anand"]
[Black "Bassini, Emile"]
[WhiteElo "2606"]
[BlackElo "2409"]
[Round "3.3.2"]
[Result "1/2-1/2"]
[TimeControl "40/5400+30:1800+30"]

e4 e5 Nf3 Nc6 Bc4 d6 O-O Be7 Re1 Nf6 Bb3 O-O c3 Bg4 h3 Bh5 d3 d5 exd5 Nxd5 g4 Bg6 Nxe5 Nxe5 Rxe5 Nb6 d4 Bd6 Bg5 Qd7 Re1 Kh8 Nd2 Rae8 Qf3 f5 Qg2 c5 Rxe8 Rxe8 Rd1 cxd4 cxd4 h6 Bh4 fxg4 hxg4 a5 a4 Bb8 Nf3 Be4 Qh3 Qc6 Ne5 Bxe5 dxe5 Rxe5 Qc3 Re8 Rd8 Nxa4 Rxe8+ Qxe8 Qxa5 Nxb2 Bg3 [Variant "Standard"]
[Site "Europe Echecs"]

[Event "Open Cappelle-la-Grande"]
[Date "2026.02.22"]
[White "Razafindratsima, Timothe"]
[Black "Enchev, Ivajlo"]
[WhiteElo "2504"]
[BlackElo "2402"]
[Round "3.3.3"]
[Result "1-0"]
[TimeControl "40/5400+30:1800+30"]

e4 e5 Nf3 Nc6 Bb5 a6 Ba4 d6 c4 g5 h3 g4 hxg4 Bxg4 d4 exd4 Qxd4 Qf6 Be3 Bg7 Nc3 Bxf3 Qxf6 Nxf6 gxf3 O-O-O Ke2 Ne5 Bb3 h5 f4 Ned7 c5 Nxc5 Bxc5 dxc5 e5 Rhe8 Bxf7 Re7 Bxh5 Rd4 Kf3 Nd7 Rad1 Bxe5 fxe5 Nxe5+ Kg2 Rg7+ Kf1 b5 Be2 Rf7 Rh5 Nd7 Rxd4 cxd4 Ne4 Kb7 Rd5 [Variant "Standard"]
[Site "Europe Echecs"]

[Event "Open Cappelle-la-Grande"]
[Date "2026.02.22"]
[White "Rohith Krishna S"]
[Black "Niedbala, Bartlomiej"]
[WhiteElo "2484"]
[BlackElo "2377"]
[Round "3.3.4"]
[Result "1-0"]
[TimeControl "40/5400+30:1800+30"]

d4 Nf6 c4 e6 Nf3 d5 Nc3 h6 Bf4 Bd6 Bxd6 Qxd6 e3 O-O Rc1 b6 cxd5 Nxd5 Qc2 Bb7 Nxd5 Qxd5 Bc4 Qa5+ Qc3 Qxc3+ Rxc3 Rc8 O-O c5 dxc5 Rxc5 Rd1 Nc6 Rd7 Rd8 Rxb7 Rxc4 h4 Rxc3 bxc3 Rc8 h5 Kf8 g4 Ke8 Kg2 Kf8 Kg3 Ke8 Kh3 Kf8 Kg2 Ke8 Kg3 Kf8 Kf4 Ke8 g5 hxg5+ Nxg5 Nd8 Rxa7 Rxc3 Ne4 Rd3 Ra6 Ke7 Rxb6 f5 Ng5 Rd2 Ra6 Rxf2+ Ke5 Rd2 Nxe6 Nxe6 Rxe6+ Kf7 Ra6 Rd3 Kf4 Rd5 a4 Rc5 a5 Rb5 Ra8 Kf6 a6 Rb4+ Kf3 Ra4 a7 Kf7 Ke2 Ra3 Kf2 Ra1 Kg3 Ra4 Kf3 Ra6 Kf4 Ra5 Kg5 Ra4 Kxf5 Ra5+ Kf4 Ra4+ e4 Ra5 e5 [Variant "Standard"]
[Site "Europe Echecs"]

[Event "Open Cappelle-la-Grande"]
[Date "2026.02.22"]
[White "Riff, Jean-Noel"]
[Black "Eugene, Floryan"]
[WhiteElo "2399"]
[BlackElo "2478"]
[Round "3.3.5"]
[Result "0-1"]
[TimeControl "40/5400+30:1800+30"]

e4 e6 d4 d5 Nc3 Bb4 Ne2 Nf6 e5 Nfd7 a3 Be7 f4 O-O g3 c5 Be3 b6 Bh3 Nc6 O-O Ba6 Rf2 g6 b4 cxb4 axb4 Nxb4 g4 Rc8 Bd2 f6 exf6 Bxf6 g5 Bg7 Bxe6+ Kh8 Nxd5 Bxe2 Rxe2 Nxd5 Bxd5 Nc5 c4 Nd3 Re4 b5 Ba5 Qd7 Qxd3 bxc4 Bxc4 Qg4+ Qg3 Qxg3+ hxg3 Rxc4 Rd1 Kg8 Kg2 Rb8 Kf3 Rb3+ Re3 Rb5 d5 Rxa5 d6 Rd4 Re8+ Kf7 Re7+ Kf8 Rde1 Kg8 Re8+ Bf8 R1e6 Rf5 Ra8 Rf7 Rae8 Kg7 Rd8 a5 Ra8 Bxd6 Rxa5 Bc7 Ra3 Rd1 Rae3 Rf1+ Kg2 Rc1 Re7 Ba5 Rxf7+ Kxf7 Rd3 Rc7 Kh3 Be1 Re3 Bf2 Re2 Bd4 Re4 Ba7 Kg4 Re7 Ra4 Ke6 Ra6+ Kd5 Ra5+ Bc5 Ra8 Ke4 Rc8 Bd4 Rc1 Bf2 Rc6 Be1 Rf6 Bc3 Rf8 Bg7 Ra8 Kd3 Kf3 Bd4 Ra3+ Bc3 Kf2 Re2+ Kf3 Re3+ Kf2 Ke4 Ra4+ Bd4 Kg2 Rd3 Ra2 Ke3 Kh3 Kf3 Ra5 Rd1 Kh2 Kg4 [Variant "Standard"]
[Site "Europe Echecs"]

[Event "Open Cappelle-la-Grande"]
[Date "2026.02.22"]
[White "Zamengo, Fulvio"]
[Black "Ruzhansky, Elias"]
[WhiteElo "2375"]
[BlackElo "2462"]
[Round "3.3.6"]
[Result "1-0"]
[TimeControl "40/5400+30:1800+30"]

e4 d6 d4 g6 Nc3 Bg7 Be3 a6 Qd2 b5 Bd3 Nd7 Nf3 Bb7 a4 b4 Ne2 a5 O-O Ngf6 e5 Ng4 e6 fxe6 Ng5 Nf8 Nf4 Qd7 Bc4 d5 Be2 Nh6 Nd3 Nf5 c3 e5 Nc5 Qc8 dxe5 h6 Nf3 Ne6 cxb4 Nxc5 Bxc5 axb4 Qxb4 Ba6 Bxa6 Qxa6 g4 O-O gxf5 Rxf5 Ra3 Raf8 Nd4 Rf4 Qb5 Qc8 Nc6 Kh7 Bxe7 R8f5 Qxd5 Rh5 a5 Qa6 b4 Qe2 Bf6 Rxf6 a6 Qg4+ Rg3 Qh4 h3 Rff5 a7 Rfg5 Qg2 Bxe5 Nxe5 Rxg3 fxg3 Qd4+ Qf2 [Variant "Standard"]
[Site "Europe Echecs"]

[Event "Open Cappelle-la-Grande"]
[Date "2026.02.22"]
[White "Lamaze, Simon"]
[Black "Zylka, Stanislaw"]
[WhiteElo "2450"]
[BlackElo "2347"]
[Round "3.3.7"]
[Result "1-0"]
[TimeControl "40/5400+30:1800+30"]

e4 c5 Nf3 e6 d4 cxd4 Nxd4 a6 Qf3 Qb6 Nb3 Qc7 Nc3 d6 Bf4 Nd7 a4 Ne5 Qg3 h5 f3 Bd7 Be2 h4 Qf2 h3 g4 Rc8 a5 Be7 g5 Nc4 Bxc4 Qxc4 O-O-O e5 Be3 Be6 Kb1 f5 f4 g6 Qg3 Qb4 Bc1 Rh5 fxe5 f4 Bxf4 dxe5 Bd2 Bxb3 cxb3 Qxb3 Rhf1 Bb4 Qxe5+ Ne7 Qf6 [Variant "Standard"]
[Site "Europe Echecs"]

[Event "Open Cappelle-la-Grande"]
[Date "2026.02.22"]
[White "Levin, Guy"]
[Black "Adrian, Leopold"]
[WhiteElo "2440"]
[BlackElo "2246"]
[Round "3.3.8"]
[Result "1-0"]
[TimeControl "40/5400+30:1800+30"]

d4 d5 Nf3 c5 e3 Nf6 Be2 Nc6 O-O Bg4 dxc5 e6 a3 Bxc5 b4 Bd6 Bb2 O-O Nbd2 Qe7 c4 Rfd8 Rc1 dxc4 Rxc4 Bxf3 Bxf3 Bxh2+ Kxh2 Qd6+ Kg1 Qxd2 Qa1 Qd6 Bxc6 bxc6 Bxf6 gxf6 Qxf6 e5 Rg4+ Kf8 Qg7+ Ke7 Re4 Rf8 Rxe5+ Kd7 Re4 Kc7 Rc1 Kb7 Qxh7 Rac8 Rd4 Qe6 Qe4 Qxe4 Rxe4 Rc7 Rc5 Rd8 Rec4 Rd1+ Kh2 Ra1 Rc3 a6 g4 f6 Kg3 Ra2 f3 [Variant "Standard"]
[Site "Europe Echecs"]

[Event "Open Cappelle-la-Grande"]
[Date "2026.02.22"]
[White "Moksh Amit Doshi"]
[Black "Carnicelli, Valerio"]
[WhiteElo "2354"]
[BlackElo "2438"]
[Round "3.3.9"]
[Result "1-0"]
[TimeControl "40/5400+30:1800+30"]

e4 c5 Nf3 Nc6 Bb5 e6 O-O Nge7 Re1 a6 Bf1 d5 exd5 Nxd5 d4 cxd4 Nxd4 Ndb4 Nxc6 Qxd1 Rxd1 bxc6 Na3 a5 c3 Nd5 Nc4 f6 g3 Bc5 Bg2 Ke7 Bd2 Rd8 a4 e5 Be1 Bf5 Nxa5 Rxa5 b4 Ra7 bxc5 Bc2 Rdc1 Rxa4 Rxa4 Bxa4 c4 Nc7 Ba5 Ne6 Bxd8+ Kxd8 Be4 g6 f3 Kc7 h4 f5 Bb1 Nxc5 g4 Nb3 Re1 Nd2 Kf2 fxg4 fxg4 Nxc4 h5 gxh5 gxh5 h6 Rg1 Nd2 Bf5 c5 Rg7+ Kd6 Rg6+ Kd5 Rxh6 c4 Ra6 [Variant "Standard"]
[Site "Europe Echecs"]

[Event "Open Cappelle-la-Grande"]
[Date "2026.02.22"]
[White "Poetsch, Hagen"]
[Black "Luong Phuong Hanh"]
[WhiteElo "2433"]
[BlackElo "2236"]
[Round "3.3.10"]
[Result "1-0"]
[TimeControl "40/5400+30:1800+30"]

e4 c5 Nf3 d6 d4 cxd4 Nxd4 Nf6 Nc3 a6 Qd3 e5 Nf5 Bxf5 exf5 Be7 Bg5 Nbd7 O-O-O Rc8 Be2 Qa5 Bxf6 Nxf6 Bf3 O-O Kb1 Rc5 a3 Qc7 g4 Rc8 g5 e4 Nxe4 Nxe4 Bxe4 d5 Bxd5 Bxg5 Bb3 Bf6 Rhe1 h6 Qd7 Qxd7 Rxd7 Rxf5 Rxf7 Kh8 Be6 Re8 Bxf5 Rxe1+ Ka2 Be7 Bc8 Kg8 Rf3 Re2 Kb3 Re5 a4 Re4 c3 b5 a5 Ra4 Bxa6 Rxa5 Bc8 Ra8 Be6+ Kh8 Rf7 Bd6 h3 Re8 Bd7 Re5 f4 Rd5 Be6 Rd2 f5 h5 Rd7 h4 Bf7 Kh7 f6 Bf4 Bd5 [Variant "Standard"]
[Site "Europe Echecs"]

[Event "Open Cappelle-la-Grande"]
[Date "2026.02.22"]
[White "Lacanrus, David"]
[Black "Flom, Gabriel"]
[WhiteElo "2324"]
[BlackElo "2423"]
[Round "3.3.11"]
[Result "0-1"]
[TimeControl "40/5400+30:1800+30"]

e4 c5 Nf3 Nc6 Bb5 e6 Bxc6 bxc6 d3 Bd6 Nbd2 Bc7 h4 e5 Nc4 d6 h5 Nf6 h6 g6 Bg5 Qe7 Bh4 O-O Qd2 Qe6 Ng5 Qe8 f4 exf4 O-O-O Nh5 Bf2 Bg4 Rde1 f6 Nf3 g5 d4 Qf7 Qc3 d5 Ncd2 dxe4 Nxe4 Qxa2 Nxc5 Ng3 Bxg3 fxg3 Nd3 Bxf3 gxf3 Qa1+ Kd2 Qa5 Re6 Qxc3+ Kxc3 Kf7 Rxc6 Rac8 Rc4 Bf4 Nxf4 gxf4 d5 Rxc4+ Kxc4 Re8 Kd4 Re3 Rf1 Rxf3 Ra1 g2 Rxa7+ Ke8 Ra8+ Kd7 Ra7+ Kc8 Ra6 [Variant "Standard"]
[Site "Europe Echecs"]

[Event "Open Cappelle-la-Grande"]
[Date "2026.02.22"]
[White "Raja Rithvik R"]
[Black "Plaidit, Hugo"]
[WhiteElo "2535"]
[BlackElo "2223"]
[Round "3.3.12"]
[Result "1-0"]
[TimeControl "40/5400+30:1800+30"]

Nf3 Nf6 c4 g6 g3 Bg7 Bg2 O-O d4 d6 Nc3 Bf5 Nh4 Bc8 O-O e5 Nf3 Nc6 dxe5 dxe5 Bg5 h6 Qxd8 Rxd8 Bxf6 Bxf6 Nd5 Kg7 Nxc7 Rb8 e4 Be7 Nd5 Bc5 Ne1 Bg4 Nd3 Bd4 Rfe1 a5 Rac1 Ra8 Rc2 Be6 b3 Ra7 a3 h5 h4 b6 Kh2 Rdd7 Rb1 Rd8 Bh3 Kf8 f4 Bxh3 Kxh3 Re8 Re2 exf4 gxf4 f6 Rbe1 Nd8 f5 gxf5 exf5 Rxe2 Rxe2 Kf7 N3f4 a4 b4 Nc6 Nxh5 Ne5 Rg2 Ra8 Rg7+ Kf8 Ndxf6 Rd8 Nh7+ Ke8 N5f6# [Variant "Standard"]
[Site "Europe Echecs"]

[Event "Open Cappelle-la-Grande"]
[Date "2026.02.22"]
[White "Can, Emre"]
[Black "Mannion, Stephen R"]
[WhiteElo "2541"]
[BlackElo "2202"]
[Round "3.3.13"]
[Result "1-0"]
[TimeControl "40/5400+30:1800+30"]

e4 e5 Nf3 Nc6 Bc4 Bc5 d3 Nf6 Bg5 h6 Bh4 a6 a4 d6 c3 Ba7 Nbd2 Qe7 O-O O-O a5 Be6 Re1 Bxc4 Nxc4 Qe6 Qb3 Rab8 Rad1 g5 Bg3 Nh5 d4 Nxg3 hxg3 Qf6 dxe5 dxe5 Qc2 Qe6 Rd5 f6 Qd3 Rf7 Rd1 Re8 Nfd2 f5 exf5 Qxf5 Qxf5 Rxf5 Ne4 Ref8 R1d2 g4 b4 h5 Nb2 b6 axb6 Bxb6 Nc4 Kg7 Nxb6 cxb6 Rd6 [Variant "Standard"]
[Site "Europe Echecs"]

[Event "Open Cappelle-la-Grande"]
[Date "2026.02.22"]
[White "Veleshnja, Zino"]
[Black "Velten, Paul"]
[WhiteElo "2189"]
[BlackElo "2522"]
[Round "3.3.14"]
[Result "1-0"]
[TimeControl "40/5400+30:1800+30"]

d4 Nf6 c4 e6 Nc3 Bb4 e3 O-O Bd2 d5 Nf3 a6 a3 Be7 c5 Nbd7 b4 c6 Bd3 Qc7 O-O e5 Bf5 e4 Ne1 g6 Bh3 h5 f3 exf3 Qxf3 Ng4 Bxg4 hxg4 Qe2 f5 Nd3 Rf7 Be1 Bg5 Bg3 Qd8 Nf4 Nf8 Qf2 Be6 a4 Bh6 Nd3 Bd7 Ne5 Rh7 Ne2 Be8 Nf4 Rc8 Qa2 Kh8 b5 Bxf4 Bxf4 cxb5 Nd3 bxa4 Bd6 Bc6 e4 Qg5 Bf4 Qd8 exf5 Bb5 fxg6 Nxg6 Ne5 Nh4 Nxg4 Ng6 Ne5 Nh4 Rf2 Nf5 Ng6+ Kg8 Be5 Rc6 Rxf5 Rxg6 Bd6 Bc4 Qf2 Rxd6 cxd6 Qxd6 h3 Rg7 Re1 Bb5 Qf3 a3 Rxd5 Qg6 Rd8+ Kh7 Re5 Rf7 Qxa3 Qf6 Rdd5 Rg7 Rf5 Qe6 Rh5+ Kg8 Rd8+ [Variant "Standard"]
[Site "Europe Echecs"]

[Event "Open Cappelle-la-Grande"]
[Date "2026.02.22"]
[White "Le Geay, Joachim"]
[Black "Degraeve, Jean-Marc"]
[WhiteElo "2182"]
[BlackElo "2503"]
[Round "3.3.15"]
[Result "1-0"]
[TimeControl "40/5400+30:1800+30"]

e4 d6 Nf3 Nf6 Nc3 e5 d4 Nbd7 Be2 Be7 O-O c6 a4 O-O h3 Re8 Be3 Bf8 d5 cxd5 exd5 Nc5 Nd2 Nfd7 Nc4 Nb6 Nxb6 Qxb6 Bb5 Qd8 Bxe8 Qxe8 Nb5 Qd8 b4 Ne4 Nxa7 Bd7 a5 f5 Qd3 Qh4 b5 Nf6 f4 Nh5 a6 Nxf4 Bxf4 Rxa7 Be3 Ra8 axb7 Rb8 Ra7 g6 Qc3 Qd8 b6 f4 Qc7 [Variant "Standard"]
[Site "Europe Echecs"]

[Event "Open Cappelle-la-Grande"]
[Date "2026.02.22"]
[White "Hirzel, Cedric"]
[Black "Bournel, Antoine"]
[WhiteElo "2079"]
[BlackElo "2434"]
[Round "3.3.16"]
[Result "0-1"]
[TimeControl "40/5400+30:1800+30"]

d4 Nf6 c4 e6 Nf3 d5 g3 Bb4+ Bd2 Be7 Bg2 O-O Qc2 c6 O-O Nbd7 Rd1 a5 Bf4 a4 Ne5 Qa5 Nd2 Nxe5 Bxe5 Ng4 Nf3 Nxe5 Nxe5 g6 e3 Kg7 h4 Bd6 Nd3 Rd8 c5 Be7 b4 axb3 Qxb3 Re8 Rdc1 Bd8 Rc2 Bc7 f4 f6 Rf1 Ra7 g4 e5 fxe5 fxe5 dxe5 Bxg4 e4 Qa4 exd5 cxd5 Qxa4 Rxa4 Rb2 Re7 Bxd5 Bf5 Nf2 Bxe5 Rxb7 Rxb7 Bxb7 Rxa2 Bf3 h5 c6 Bd4 c7 Rc2 Bd1 Rxc7 Kg2 Rc1 Bf3 Rxf1 Kxf1 Bf6 Be4 Bxe4 Nxe4 Bxh4 Kg2 Kf7 Kf3 Ke6 Kf4 Be7 Nf2 Kd5 Ne4 Bd8 Nf2 Bf6 Ne4 Bb2 Nf2 Bc1+ Kf3 g5 Nd3 Bd2 Ke2 Bf4 Kf3 Bd6 Nf2 Ke5 Nd3+ Kf5 Nf2 Bc5 Nh3 g4+ Kg3 Bd4 Kg2 Be3 Kg3 Ke4 Kg2 h4 Kh1 Kf3 Kh2 g3+ Kh1 Kg4 Kg2 Bd4 Kh1 Ba7 Kg2 Be3 Kh1 Kf3 [Variant "Standard"]
[Site "Europe Echecs"]

[Event "Open Cappelle-la-Grande"]
[Date "2026.02.23"]
[White "Levin, Guy"]
[Black "Razafindratsima, Timothe"]
[WhiteElo "2440"]
[BlackElo "2504"]
[Round "4.4.1"]
[Result "0-1"]
[TimeControl "40/5400+30:1800+30"]

d4 f5 Nc3 Nf6 Bg5 d5 e3 e6 Nf3 Be7 Bd3 Ne4 Bxe7 Qxe7 O-O O-O Ne2 c5 c4 dxc4 Bxc4 Nd6 b3 b6 Rc1 Nxc4 bxc4 Bb7 Nf4 g5 Nd3 Nd7 Qe2 Rad8 Rfd1 Qg7 Nfe5 Nxe5 Nxe5 g4 Qb2 Be4 Qc3 h5 dxc5 bxc5 Rxd8 Rxd8 Qa5 Qe7 f3 gxf3 gxf3 Kh7 Kh1 Rg8 Rg1 Rxg1+ Kxg1 Qg7+ Kf1 Qxe5 Qxa7+ Kg6 fxe4 Qxe4 Qxc5 h4 h3 Qf3+ Ke1 Qg3+ Kd2 Qxh3 Qe5 Qg2+ Ke1 Qg1+ Kd2 Qf2+ Kc3 h3 Qxe6+ Kg5 Qg8+ Kh4 Qh7+ Kg3 Qg6+ Kh2 c5 Qg3 Qxf5 Kg1 Qb1+ Kf2 c6 h2 Qh7 Qxe3+ Kb4 Qe1+ Kc5 h1=Q Qxh1 Qxh1 c7 Qb7 Kd6 Qc8 a4 Ke3 a5 Kd4 a6 Qxa6+ Kd7 Qb7 Kd8 Qd5+ Kc8 Kc5 Kb8 Qd6 Ka8 Qa6+ Kb8 Kb6 c8=Q Qa7# [Variant "Standard"]
[Site "Europe Echecs"]

[Event "Open Cappelle-la-Grande"]
[Date "2026.02.23"]
[White "Poetsch, Hagen"]
[Black "Rohith Krishna S"]
[WhiteElo "2433"]
[BlackElo "2484"]
[Round "4.4.2"]
[Result "1/2-1/2"]
[TimeControl "40/5400+30:1800+30"]

e4 e5 Nf3 Nc6 Bc4 Bc5 c3 Nf6 d4 exd4 cxd4 Bb4+ Nc3 Nxe4 O-O Bxc3 d5 Bf6 Re1 O-O Rxe4 Ne7 Bg5 Ng6 Bxf6 Qxf6 Qd4 Qxd4 Nxd4 d6 Rc1 Bd7 Bb5 Bxb5 Nxb5 Rae8 Rxe8 Rxe8 Kf1 a6 Nxc7 Re5 Na8 Ne7 Nb6 h5 Rc7 Nxd5 Nxd5 Rxd5 Rxb7 Rd2 Rb6 [Variant "Standard"]
[Site "Europe Echecs"]

[Event "Open Cappelle-la-Grande"]
[Date "2026.02.23"]
[White "Eugene, Floryan"]
[Black "Zamengo, Fulvio"]
[WhiteElo "2478"]
[BlackElo "2375"]
[Round "4.4.3"]
[Result "1-0"]
[TimeControl "40/5400+30:1800+30"]

e4 e6 d4 d5 Nd2 c5 Ngf3 cxd4 exd5 Qxd5 Bc4 Qd7 O-O a6 Nb3 Nc6 Nbxd4 Nxd4 Qxd4 Qxd4 Nxd4 Bd7 Be2 Bc5 Rd1 Ne7 b4 Bb6 Bb2 Nd5 Nf5 exf5 Rxd5 f6 Bh5+ Ke7 Re1+ Be6 g4 g6 gxf5 gxf5 Ba3 Rhg8+ Kf1 Rg6 b5+ Kf7 Bxg6+ hxg6 Rxe6 [Variant "Standard"]
[Site "Europe Echecs"]

[Event "Open Cappelle-la-Grande"]
[Date "2026.02.23"]
[White "Flom, Gabriel"]
[Black "Lamaze, Simon"]
[WhiteElo "2423"]
[BlackElo "2450"]
[Round "4.4.4"]
[Result "1/2-1/2"]
[TimeControl "40/5400+30:1800+30"]

d4 Nf6 c4 g6 Nc3 Bg7 e4 d6 Nf3 O-O Be2 e5 O-O Nc6 d5 Ne7 Ne1 Nd7 Be3 f5 f3 f4 Bf2 g5 Rc1 Ng6 c5 Nxc5 b4 Na6 Nb5 b6 Nd3 Rf7 Rc3 h5 h3 Bd7 a4 Bf6 Qb3 Qe8 Rfc1 Bd8 Be1 Rg7 Nf2 Nf8 [Variant "Standard"]
[Site "Europe Echecs"]

[Event "Open Cappelle-la-Grande"]
[Date "2026.02.23"]
[White "Pranesh M"]
[Black "Moksh Amit Doshi"]
[WhiteElo "2627"]
[BlackElo "2354"]
[Round "4.4.5"]
[Result "1-0"]
[TimeControl "40/5400+30:1800+30"]

e4 e5 Nf3 Nc6 Bc4 Bc5 c3 Nf6 d3 d6 Bg5 h6 Bh4 a6 Nbd2 Ba7 a4 Qe7 O-O Be6 b4 Bxc4 Nxc4 Qe6 b5 Ne7 Bxf6 Qxf6 d4 Qe6 Qb3 exd4 cxd4 O-O Rfe1 Ng6 Rab1 axb5 Qxb5 c6 Qb3 d5 Ncd2 Rab8 exd5 Qxd5 Qxd5 cxd5 Rb5 Nf4 Re7 Rfe8 Rxe8+ Rxe8 Rxb7 Rc8 Nb3 Rc3 h4 Rd3 a5 Ne2+ Kf1 [Variant "Standard"]
[Site "Europe Echecs"]

[Event "Open Cappelle-la-Grande"]
[Date "2026.02.23"]
[White "Bujisho, Benjamin"]
[Black "Pranav Anand"]
[WhiteElo "2316"]
[BlackElo "2606"]
[Round "4.4.6"]
[Result "0-1"]
[TimeControl "40/5400+30:1800+30"]

e4 c5 Nc3 d6 g3 g6 Bg2 Bg7 d3 Nc6 Be3 Rb8 Qd2 b5 Nge2 b4 Nd1 Bd7 O-O e6 h3 Nd4 Nc1 a5 c3 Nb5 Ne2 h6 d4 cxd4 cxd4 Nf6 d5 exd5 exd5 h5 Nd4 Nxd4 Bxd4 O-O Qf4 Re8 Ne3 Bb5 Rfc1 Nh7 Bxg7 Kxg7 a4 bxa3 Rxa3 Nf6 Rca1 a4 b3 axb3 Rxb3 Bd7 Rb4 Qc7 Ra6 Re5 Rc4 Rb1+ Kh2 Qb8 Rc2 Rb4 Rc4 Rb2 Kg1 Rb1+ Kh2 Rb6 Rxb6 Qxb6 Rb4 Qa7 Qd4 Qxd4 Rxd4 Ne8 Rb4 Kf6 Rb7 Re7 Rb6 Bf5 Bf1 Be4 Bb5 Ke5 Bc6 Bd3 Rb3 Kd4 Rb4+ Kc3 Ra4 Nf6 Ra3+ Kd4 Ra4+ Kc5 Ra3 Be2 Kg2 Ne4 f3 Nd2 Nc2 Bf1+ Kg1 Bxh3 Rc3+ Kb6 Kf2 Bf1 Ne3 Bb5 Rc2 Nb3 Nc4+ Bxc4 Rxc4 Nc5 Rb4+ Kc7 Rd4 Kd8 Rd1 Ra7 Rb1 Nd3+ Ke3 Ne5 Kd4 [Variant "Standard"]
[Site "Europe Echecs"]

[Event "Open Cappelle-la-Grande"]
[Date "2026.02.23"]
[White "Cheng, Bobby"]
[Black "Jacobsen, Mikkel Manosri"]
[WhiteElo "2566"]
[BlackElo "2291"]
[Round "4.4.7"]
[Result "1/2-1/2"]
[TimeControl "40/5400+30:1800+30"]

d4 d5 c4 c6 Nf3 Nf6 Nc3 dxc4 a4 Bf5 Ne5 Nbd7 Nxc4 Qc7 g3 e5 dxe5 Nxe5 Bf4 Nfd7 Qc1 f6 Bg2 Be6 Nxe5 fxe5 Be3 Nc5 Qc2 Bb3 Qf5 Be6 Qg5 h6 Qh5+ Bf7 Qf3 Be7 Qg4 g6 O-O h5 Qf3 O-O Bh6 Rfe8 g4 e4 Qe3 hxg4 Rad1 a5 Qd4 Ne6 Qxe4 Bd6 Qxg4 Bxh2+ Kh1 Bf4 Bxf4 Qxf4 Qxf4 Nxf4 Rd7 Re5 Bf3 Kg7 Rfd1 Nh3 R1d4 Rg5 Rh4 Nxf2+ Kh2 Rb8 e3 Rf8 Rxb7 Re8 Ne4 Nxe4 Bxe4 c5 Bc6 Rd8 e4 Rd2+ Kh1 Rd1+ Kh2 Rd2+ Kh1 Rd1+ Kh2 Rd2+ Kh1 Rdg2 [Variant "Standard"]
[Site "Europe Echecs"]

[Event "Open Cappelle-la-Grande"]
[Date "2026.02.23"]
[White "Raja Rithvik R"]
[Black "Ringuet, Noe"]
[WhiteElo "2535"]
[BlackElo "2252"]
[Round "4.4.8"]
[Result "1/2-1/2"]
[TimeControl "40/5400+30:1800+30"]

d4 d5 c4 c6 Nc3 Nf6 e3 a6 Nf3 b5 b3 Bg4 h3 Bxf3 Qxf3 e5 Bd2 exd4 exd4 dxc4 bxc4 Qxd4 cxb5 Qe5+ Be2 Bd6 bxc6 O-O g3 Nxc6 Qxc6 Rac8 Qf3 Bb4 Rc1 Rfd8 Qf4 Qxf4 Bxf4 Nd5 Bd2 Bxc3 Bxc3 Nxc3 Bxa6 Ra8 Rxc3 Rxa6 a3 Rda8 [Variant "Standard"]
[Site "Europe Echecs"]

[Event "Open Cappelle-la-Grande"]
[Date "2026.02.23"]
[White "Andersen, Gunnar"]
[Black "Can, Emre"]
[WhiteElo "2254"]
[BlackElo "2541"]
[Round "4.4.9"]
[Result "0-1"]
[TimeControl "40/5400+30:1800+30"]

Nf3 g6 g3 c5 Bg2 Bg7 O-O Nc6 e4 d6 c3 e5 a3 Nge7 d3 O-O b4 h6 Be3 b6 d4 exd4 cxd4 Bg4 d5 Bxa1 dxc6 Nxc6 Bxh6 Bg7 Bxg7 Kxg7 Nc3 Nd4 Nd5 a5 bxc5 bxc5 Qd3 Bxf3 Bxf3 Rb8 Bd1 Qd7 Qa6 Rfe8 Re1 f5 e5 Qc6 Qxc6 Nxc6 e6 Ne7 Nc3 d5 Ba4 Red8 Bd7 Rb3 Nb5 a4 Na7 Kf6 Bxa4 Rxa3 Nc6 Ra8 Nxe7 Kxe7 [Variant "Standard"]
[Site "Europe Echecs"]

[Event "Open Cappelle-la-Grande"]
[Date "2026.02.23"]
[White "Bacrot, Alexandre"]
[Black "Helmer, Jan"]
[WhiteElo "2457"]
[BlackElo "2234"]
[Round "4.4.10"]
[Result "1-0"]
[TimeControl "40/5400+30:1800+30"]

e4 c5 Nf3 Nc6 Bb5 Nf6 Bxc6 dxc6 d3 g6 Be3 b6 Nc3 Bg7 Qd2 e5 Bh6 Bxh6 Qxh6 Qe7 h3 Nd7 a4 a5 O-O Qf8 Qe3 Qg7 Nd2 O-O Kh1 Rd8 f4 exf4 Rxf4 Ne5 Raf1 Be6 Ne2 Ra7 b3 Rad7 Qf2 Nxd3 cxd3 Rxd3 Nc4 Rxb3 e5 g5 Re4 Bd5 Nd6 Qg6 Re3 Rb4 Qg3 Rb1 Rxb1 Qxb1+ Kh2 Qg6 Nc3 h6 Re2 Be6 Rb2 Rb8 Nce4 c4 Qe3 b5 axb5 cxb5 Qa7 [Variant "Standard"]
[Site "Europe Echecs"]

[Event "Open Cappelle-la-Grande"]
[Date "2026.02.23"]
[White "Bournel, Antoine"]
[Black "Chen, Muxi"]
[WhiteElo "2434"]
[BlackElo "2225"]
[Round "4.4.11"]
[Result "1/2-1/2"]
[TimeControl "40/5400+30:1800+30"]

e4 c5 Nf3 Nc6 Bb5 g6 Bxc6 dxc6 d3 Bg7 h3 e5 O-O Qe7 a4 Nf6 Na3 O-O Nc4 Ne8 a5 Nc7 Bd2 f6 Re1 Rd8 Qb1 Be6 b3 Nb5 Nh2 Nd4 f4 exf4 Bxf4 Qf8 Qc1 f5 exf5 Qxf5 Rb1 Rf8 Be3 Qh5 Qd2 Bd5 c3 Nb5 Rbc1 Be6 Kh1 [Variant "Standard"]
[Site "Europe Echecs"]

[Event "Open Cappelle-la-Grande"]
[Date "2026.02.23"]
[White "Fiedorek, Michal"]
[Black "Wirig, Anthony"]
[WhiteElo "2288"]
[BlackElo "2414"]
[Round "4.4.12"]
[Result "1/2-1/2"]
[TimeControl "40/5400+30:1800+30"]

e4 c6 Nc3 d5 Nf3 dxe4 Nxe4 Nf6 Qe2 Bf5 d3 e6 g3 Be7 Bg2 Nbd7 O-O O-O Re1 a5 a4 e5 Nfd2 Re8 Nc4 Nxe4 dxe4 Be6 b3 Qc7 Bb2 f6 Ne3 Bc5 Rad1 Nf8 Rd3 Rad8 Red1 Rxd3 [Variant "Standard"]
[Site "Europe Echecs"]

[Event "Open Cappelle-la-Grande"]
[Date "2026.02.23"]
[White "Bassini, Emile"]
[Black "Veleshnja, Zino"]
[WhiteElo "2409"]
[BlackElo "2189"]
[Round "4.4.13"]
[Result "1-0"]
[TimeControl "40/5400+30:1800+30"]

e4 e6 d4 d5 Nc3 Nf6 e5 Nfd7 f4 c5 Nf3 Nc6 Be3 cxd4 Nxd4 Qb6 a3 Bc5 Ncb5 Nxd4 Bxd4 Bxd4 Qxd4 Qxd4 Nxd4 a6 Bd3 Nc5 Kd2 Bd7 h4 h5 Rh3 g6 Rhh1 Rc8 Rhc1 Ke7 Rab1 Rhd8 Ke3 Nxd3 cxd3 b6 b4 Ba4 Kd2 Kd7 Ne2 Rxc1 Rxc1 Ra8 Ke3 a5 Nd4 axb4 axb4 Rc8 Ra1 b5 Kd2 Rc7 Rc1 Rb7 Rc6 Rb8 Ra6 Rb7 Ra8 Ke7 g3 Kd7 Rf8 Ke7 Rh8 Kd7 Rg8 Ke7 Rc8 Kd7 Rc6 Rb8 Rd6+ Kc7 Rc6+ Kd7 Rc5 Rb7 Ke3 Ke7 Rc8 Kd7 Rc1 Rb8 Nf3 Ra8 Nd2 Ra7 Kd4 Ra8 Rc5 Bd1 Nb1 Ra4 Rxb5 Kc6 Nc3 Ra1 Ra5 Rxa5 bxa5 Bg4 a6 Kb6 Nb5 Kxa6 Nd6 Kb6 Nxf7 Kb5 Nd6+ Kb4 Nc8 Kb5 Kc3 Kc5 d4+ Kb5 Nd6+ Ka5 Nb7+ Kb5 Nc5 Bf5 Nb3 Bg4 Nd2 Be2 f5 gxf5 Nb3 Bg4 Nc5 f4 gxf4 Kc6 Kb4 Bf5 Ka5 Bg4 Na6 Bh3 Nb4+ Kc7 Kb5 Bg4 Kc5 Bh3 Na2 Bg4 Nc3 Bh3 Nd1 Bg4 Ne3 Kd7 f5 Bf3 f6 Be4 Kb6 Bf3 Nc2 Be4 Nb4 Bf5 Na6 Ke8 Kc7 Kf7 Kd6 Bg4 Nc5 Bf5 Nb7 Ke8 Nd8 [Variant "Standard"]
[Site "Europe Echecs"]

[Event "Open Cappelle-la-Grande"]
[Date "2026.02.23"]
[White "Real, Thibault"]
[Black "Favaloro, Andrea"]
[WhiteElo "2243"]
[BlackElo "2409"]
[Round "4.4.14"]
[Result "0-1"]
[TimeControl "40/5400+30:1800+30"]

e4 e5 Nf3 Nc6 Nc3 Nf6 d4 Bb4 Nxe5 Bxc3+ bxc3 Qe7 Nxc6 Qxe4+ Qe2 dxc6 f3 Qxe2+ Bxe2 Bf5 Bd3 Bxd3 cxd3 O-O-O Be3 Rhe8 Kd2 Nd5 Rhe1 Nxe3 Rxe3 Rxe3 Kxe3 Rd5 Rb1 Rh5 h3 Ra5 Rb2 Ra3 Rc2 Kd7 g4 Ra5 Ke4 Rb5 h4 Rb1 h5 a5 c4 a4 c5 b5 d5 a3 dxc6+ Kxc6 Kd4 Rb2 Rc3 [Variant "Standard"]
[Site "Europe Echecs"]

[Event "Open Cappelle-la-Grande"]
[Date "2026.02.23"]
[White "Maugenest, Matthieu"]
[Black "Janzelj, Tim"]
[WhiteElo "2042"]
[BlackElo "2377"]
[Round "4.4.15"]
[Result "0-1"]
[TimeControl "40/5400+30:1800+30"]

d4 d5 Nf3 Nf6 c4 c6 Qc2 g6 Bf4 Bg7 e3 O-O Nc3 Bf5 Qb3 Qb6 h3 Na6 c5 Qxb3 axb3 Nb4 Kd2 Nd7 Ra4 a5 Bc7 e5 Bxa5 exd4 exd4 Bh6+ Ke1 Rfe8+ Be2 Nd3+ Kf1 Nxb2 Ra2 Nd3 Bxd3 Bxd3+ Kg1 Be4 b4 Bg7 Ne2 Re7 Rd2 Rae8 Ng3 Bxf3 gxf3 Nf8 Kh2 Re1 Rxe1 Rxe1 Ne2 Ne6 Kg3 Rb1 f4 Bf6 Rd3 Rb2 Kf3 Rxe2 Kxe2 Nxf4+ Kd2 Nxd3 Kxd3 Kf8 Bc7 Ke7 f4 Ke6 Ke3 Bh4 Ke2 Kf5 Ke3 Be1 Ba5 h6 [Variant "Standard"]
[Site "Europe Echecs"]

[Event "Open Cappelle-la-Grande"]
[Date "2026.02.23"]
[White "Godart, Francois"]
[Black "Le Geay, Joachim"]
[WhiteElo "2372"]
[BlackElo "2182"]
[Round "4.4.16"]
[Result "1-0"]
[TimeControl "40/5400+30:1800+30"]

e4 c5 Nf3 e6 d4 cxd4 Nxd4 Nf6 Nc3 Nc6 Nxc6 bxc6 e5 Nd5 Ne4 Qc7 f4 Qb6 a3 Be7 c4 Ne3 Qd3 Nxf1 Rxf1 c5 Be3 Bb7 O-O-O O-O Nd6 Bxd6 Qxd6 Qxd6 Rxd6 Bxg2 Rg1 Bc6 Bxc5 Rfc8 b4 a5 Kb2 axb4 axb4 Ra4 Kb3 Rca8 b5 Be4 Re1 Bc2+ Kc3 Rc8 Rxd7 f5 Bb4 Be4 Red1 Raa8 Kb3 Rab8 Bd6 Rxb5+ cxb5 Bc2+ Kb4 Bxd1 b6 Bf3 b7 Bxb7 Rxb7 Rc2 Rb8+ Kf7 Rf8+ Kg6 Re8 Kh5 Rxe6 Rf2 Re8 Rxf4+ Kc5 g5 e6 Re4 e7 Kg4 Rf8 h5 Kd5 Rxe7 Bxe7 f4 Ke4 h4 Bxg5 [Variant "Standard"]
[Site "Europe Echecs"]

[Event "Open Cappelle-la-Grande"]
[Date "2026.02.24"]
[White "Razafindratsima, Timothe"]
[Black "Eugene, Floryan"]
[WhiteElo "2504"]
[BlackElo "2478"]
[Round "5.5.1"]
[Result "1-0"]
[TimeControl "40/5400+30:1800+30"]

e4 e6 d4 d5 e5 c5 c3 Nc6 Nf3 Bd7 Be2 Nge7 O-O cxd4 cxd4 Nf5 Nc3 a6 a3 Rc8 Kh1 Be7 g4 Nh4 Nxh4 Bxh4 f4 Be7 Be3 Na5 Rf3 b5 Bd3 Qb6 Ne2 Nc4 Bc1 Na5 b3 Nc6 Be3 b4 a4 Kd8 f5 h5 gxh5 Rxh5 Qg1 Kc7 Qxg7 Rch8 Bg1 R5h7 Qg2 Rh4 Rc1 Kb8 Rg3 Qd8 f6 Bf8 Bxa6 Bh6 Rc5 Bf8 Rc2 Na5 Nc1 Nc6 Ne2 Na5 Nc1 Nc6 Rg4 Rh3 Bb5 Rc3 Na2 Rxc2 Qxc2 Qb6 Qg2 Qd8 Rg8 Rxg8 Qxg8 Qe8 Be3 Kb7 Nc1 Kb6 Bxc6 Bxc6 h4 Bb7 Bh6 [Variant "Standard"]
[Site "Europe Echecs"]